 Dungeon Crawl Stone Soup version 0.31.0 (webtiles) character file.

Game seed: 6856023701768146297

5579 Zeor the Martial Artist (level 10, -1/67 HPs)
             Began as a Demonspawn Shapeshifter on Jan 19, 2024.
             Was an Initiate of Yredelemnul.
             Slain by a gnoll sergeant
             ... wielding a +0 spear
              (5 damage)
             ... on level 8 of the Dungeon.
             The game lasted 00:32:37 (7797 turns).

Zeor the Martial Artist (Demonspawn Shapeshifter)   Turns: 7797, Time: 00:32:38

Health: -1/67      AC:  5    Str: 31    XL:     10   Next: 44%
Magic:  15/15      EV: 13    Int:  8    God:    Yredelemnul [......]
Gold:   528        SH:  4    Dex: 16    Spells: 9/9 levels left

rFire   . .          .
                       - Unarmed
rCold   . . .        (no shield)
rNeg    . . .        A - +2 leather armour of Analysis {Str+3}
rPois   .            (helmet currently unavailable)
rElec   .            (cloak currently unavailable)
rCorr   .            (gloves currently unavailable)
SInv    .            (boots currently unavailable)
Will    .....        (no amulet)
Stlth   ++           k - +6 ring of strength
HPRegen 0.31/turn    t - +6 ring of strength
MPRegen 0.14/turn

%: no passive effects
@: about to teleport, beast-form, weakened
A: beast (slay +3), large bone plates 1, ignite blood 3, demonic touch 2,
antennae 1, dopey 1
a: Begin Untransformation, Renounce Religion, Recall Undead Harvest


You were on level 8 of the Dungeon.
You worshipped Yredelemnul.
Yredelemnul was noncommittal.
You were a hulking beast.
You visited 2 branches of the dungeon, and saw 9 of its levels.
You also visited: Sewer.

You collected 528 gold pieces.

Inventory:

Hand Weapons
 l - a +0 dagger of electrocution
 m - a +1 dagger of venom
 p - a +0 scimitar
 M - the +7 trident of Dishonour {chaos, Will+ SInv Stlth+}
   (You took it off a gnoll sergeant on level 8 of the Dungeon)

   Will+:     It increases your willpower.
   SInv:      It lets you see invisible.
   Stlth+:    It makes you more stealthy.
Missiles
 q - 3 curare-tipped darts (quivered)
 z - 6 atropa-tipped darts
Armour
 e - the +0 ring mail of Caostroxt {rN++}
   (You found it on level 2 of the Dungeon)

   rN++:      It greatly protects you from negative energy.
 n - a +2 leather armour of poison resistance
 A - the +2 leather armour of Analysis (worn) {Str+3}
   (You found it on level 5 of the Dungeon)

   Str+3:     It affects your strength (+3).
 E - a +0 pair of gloves
 N - the +2 kite shield of Weirdness {-Tele Int+3 Dex+3 Stlth+}
   (You took it off a gnoll sergeant on level 8 of the Dungeon)

   Int+3:     It affects your intelligence (+3).
   Dex+3:     It affects your dexterity (+3).
   -Tele:     It prevents most forms of teleportation.
   Stlth+:    It makes you more stealthy.
 O - a +3 ring mail
Magical Staves
 i - a staff of earth
Jewellery
 k - a +6 ring of strength (left hand)
 t - a +6 ring of strength (right hand)
 u - a ring of see invisible
 y - a +6 ring of intelligence
 B - an amulet of magic regeneration
 D - a +6 ring of intelligence
Talismans
 b - a serpent talisman
 c - a beast talisman
 d - a flux talisman
 H - a maw talisman
Wands
 g - a wand of iceblast (18)
 x - a wand of flame (15)
 G - a wand of mindburst (10)
Scrolls
 f - 3 scrolls of teleportation
 j - a scroll of identify
 o - 2 scrolls of enchant armour
 v - a scroll of poison
 C - a scroll of blinking
 F - a scroll of vulnerability
 I - 3 scrolls of silence
 J - a scroll of revelation
 K - a scroll of torment
Potions
 a - 3 potions of curing
 h - 3 potions of brilliance
 r - 2 potions of enlightenment
 s - a potion of heal wounds
 w - a potion of lignification
 L - a potion of might {unknown}


   Skills:
 + Level 2.3 Fighting
 + Level 0.2 Throwing
 + Level 4.5 Armour
 + Level 3.4 Dodging
 + Level 2.5 Stealth
 + Level 1.3 Shields
 * Level 10.6 Unarmed Combat
 + Level 0.2 Spellcasting
 * Level 6.9 Invocations
 * Level 5.7 Shapeshifting


You had 9 spell levels left.
You didn't know any spells.
Your spell library contained the following spells:

 Spells                   Type           Power      Damage    Failure   Level
 Sting                    Conj/Alch      0%         1d3       43%         1
 Ensorcelled Hibernation  Hex/Ice        0%         N/A       58%         2
 Mercury Vapours          Alch/Air       0%         N/A       58%         2
 Inner Flame              Hex/Fire       0%         N/A       82%         3
 Passwall                 Erth           0%         N/A       82%         3
 Swiftness                Air            0%         N/A       82%         3
 Animate Armour           Summ/Erth      0%         N/A       99%         4
 Flame Wave               Conj/Fire      0%         2d4       99%         4
 Olgreb's Toxic Radiance  Alch           0%         N/A       99%         4
 Sticky Flame             Fire/Alch      0%         2d4       99%         4
 Summon Lightning Spire   Summ/Air       0%         N/A       99%         4
 Lee's Rapid Deconstruct  Erth           0%         3d4*      100%        5
 Malign Gateway           Summ/Tloc      0%         N/A       100%        7
 Summon Horrible Things   Summ           0%         N/A       100%        8


Dungeon Overview and Level Annotations

Branches:
Dungeon (8/15)             Temple (1/1) D:4           Sewer (visited)
   Lair: D:8-11

Altars:
Ashenzari
Cheibriados
Dithmenos
Fedhas
Gozag
Hepliaklqana
Kikubaaqudgha
Makhleb
Nemelex Xobeh
Okawaru
Qazlal
Ru
Sif Muna
Uskayaw
Vehumet
Wu Jian
Yredelemnul

Shops:
D:1 (   D:6 :

Annotations:
D:3 2 transporters, ZoaN's ghost, amateur GrEE
D:8 1 transporter, Grum; PaiMei's ghost, novice TrMo


Innate Abilities, Weirdness & Mutations

You are a hulking beast.
Your limbs bulge with bestial killing power. (Slay +3)
You are partially covered in large bone plates. (SH +4)
Your demonic aura causes all spilled blood to erupt in flames.
Your touch may inflict irresistible damage on your foes.
You have a pair of small antennae on your head.
You are dopey. (Int -2)


Message History

The gnoll sergeant hits you from afar with a +0 spear.
* * * LOW HITPOINT WARNING * * *
Your gnoll zombie barely misses the gnoll sergeant.
The gnoll sergeant is engulfed in blazing flames.
You kill the gnoll sergeant!
You see here a +0 halberd of pain.
There is an open translucent door, spattered with blood here.
Things that are here:
the +7 trident of Dishonour {chaos, Will+ SInv Stlth+}; a +3 ring mail; the +2 kite shield of Weirdness {-Tele Int+3 Dex+3 Stlth+}
M - the +7 trident of Dishonour {chaos, Will+ SInv Stlth+}
N - the +2 kite shield of Weirdness {-Tele Int+3 Dex+3 Stlth+}
O - a +3 ring mail The wolf howls!
The gnoll sergeant is no longer moving quickly.
The gnoll sergeant hits your gnoll zombie with a +0 spear!
The wolf is engulfed in blazing flames.
The wolf closely misses you.
Your gnoll zombie is engulfed in blazing flames.
You destroy your gnoll zombie!
The wolf is engulfed in blazing flames.
The wolf attacks as it pursues you! The wolf barely misses you.
The gnoll bouda gazes fiercely through you!
You feel your attacks grow feeble.
As you read the scroll of teleportation, it crumbles to dust.
You feel strangely unstable.
The wolf is engulfed in blazing flames.
The wolf bites you.
* * * LOW HITPOINT WARNING * * *
You block the gnoll sergeant's attack.
The wolf is engulfed in blazing flames.
You kill the wolf!
Grum growls angrily.
Grum is no longer moving quickly.
The gnoll sergeant attacks as it pursues you!
The gnoll sergeant hits you from afar with a +0 spear!
* * * LOW HITPOINT WARNING * * *
The wolf barely misses you.
There is an open translucent door, spattered with blood here.
You closely miss the wolf. Your touch misses the wolf.
The wolf bites you but does no damage.
The gnoll sergeant hits you from afar with a +0 spear.
You die...
Your body rises from the dead as a mindless zombie.

▒∙▒∙≈≈▒▒∙▒▒▒∙▒▒▒∙▒▒≈≈∙∙∙▒
▒∙▒∙≈≈▒∙∙∙∙∙∙∙∙∙∙∙▒≈≈∙)∙▒
▒∙▒∙≈≈▒▒▒∙▒▒'▒▒∙▒▒▒≈≈∙▒∙▒▒▒
▒∙▒∙≈≈∙∙▒∙▒∙∙∙▒∙▒∙∙≈≈∙▒∙∙∙∙
▒∙▒∙≈≈∙▒▒∙▒⌠g⌠▒∙▒▒∙≈≈∙▒∙∙∙∙
▒∙▒∙≈≈∙▒∙∙▒∙∙∙▒∙Ω▒∙≈≈∙∙<∙∙∙
▒∙▒∙≈≈∙▒▒∙▒▒)▒▒∙▒▒)≈≈∙∙∙∙∙∙
▒▒▒∙∙∙≈≈∙∙▒∙▒°gg▒∙▒∙∙∙∙∙▒∙∙∙∙
▒∙∙∙∙∙~~∙Ω▒Zh∙g∙'∙▒Ω∙∙∙∙▒∙∙∙∙
▒▒▒∙∙∙∙)≈≈∙∙▒h▒8⌠8▒∙▒∙∙∙∙∙∙∙∙∙▒
▒▒▒∙∙∙∙∙∙∙≈≈∙▒▒∙▒▒▒▒▒∙▒▒∙≈≈∙▒∙∙▒▒
)∙∙∙∙∙∙∙∙∙≈≈∙▒∙∙▒ ▒∙∙▒∙≈≈∙∙∙▒▒
∙∙▒▒▒▒∙∙∙∙≈≈∙▒▒∙▒ ▒∙▒▒∙≈≈∙∙∙▒
∙∙∙∙∙∙∙∙∙∙≈≈∙∙▒∙▒∙∙h▒∙▒∙∙≈≈∙▒∙▒
▒▒▒∙∙∙∙∙∙∙≈≈▒▒▒g▒▒'▒▒∙▒▒▒≈≈∙▒∙▒
▒∙▒∙∙∙∙∙≈≈▒∙Wg∙∙∙∙∙∙∙g▒≈≈∙▒∙▒
▒▒▒∙▒∙∙∙∙∙≈≈▒▒∙▒▒▒g▒▒▒∙▒▒≈≈∙▒∙▒


You could see Grum, a gnoll sergeant (ally target), a wolf, a gnoll bouda,
PaiMei's ghost, 2 gnolls and a friendly wolf zombie.

Vanquished Creatures
  A hydra (D:8)
  2 two-headed ogres (D:8)
  Joseph (D:8)
  A troll (D:7)
  A steam dragon (D:7)
  An acid dragon (D:8)
  A two-headed ogre zombie (D:8)
  A water moccasin (D:7)
  A sky beast (D:7)
  2 black bears
  2 ice beasts
  A wolf (D:8)
  5 centaurs
  4 kobold brigands
  3 bullfrogs
  3 scorpions
  A gnoll sergeant (D:8)
  2 wights (D:7)
  A howler monkey (D:5)
  3 jellies
  5 bombardier beetles
  3 centaur zombies
  2 bullfrog zombies
  4 hounds
  A black bear zombie (D:7)
  3 orc priests
  4 iguanas
  Ijyb (D:3)
  Natasha (twice) (D:2)
  7 orc wizards
  A scorpion zombie (D:7)
  An ice beast zombie (D:8)
  A sky beast zombie (D:7)
  2 gnolls (D:8)
  4 river rats (Sewer)
  4 adders
  A shadow imp (D:6)
  A white imp (D:6)
  An ufetubus (D:6)
  An adder zombie (D:6)
  An iguana zombie (D:6)
  A jelly zombie (D:6)
  A spectral shadow imp (D:6)
  A spectral white imp (D:6)
  A dart slug (D:2)
  2 ribbon worms (D:4)
  25 orcs
  7 endoplasms
  8 giant cockroaches
  A gnoll zombie (D:8)
  12 goblins
  8 hobgoblins
  8 jackals
  4 quokkas
  13 ball pythons
  A ball python zombie (D:4)
  6 bats
  2 bombardier beetle zombies (D:5)
  6 frilled lizards
  18 kobolds
  6 kobold zombies
  4 orc zombies
  12 rats
234 creatures vanquished.

Vanquished Creatures (collateral kills)
  A wight (D:7)
  A shadow imp (D:7)
  An ufetubus (D:6)
  2 kobolds (D:8)
5 creatures vanquished.

Vanquished Creatures (others)
  A troll zombie (D:7)
  A hound zombie (D:4)
  A steam dragon zombie (D:7)
  3 orc zombies
  A spectral ufetubus (D:6)
7 creatures vanquished.

Grand Total: 246 creatures vanquished

Notes
Turn   | Place    | Note
-------+----------+-------------------------------------------
     0 | D:1      | Zeor the Demonspawn Shapeshifter began the quest for the
                  | Orb.
     0 | D:1      | Reached XP level 1. HP: 15/15 MP: 1/1
   187 | D:1      | Gained mutation: Your touch may inflict minor irresistible
                  | damage on your foes. [demonic ancestry]
   187 | D:1      | Reached XP level 2. HP: 21/21 MP: 2/2
   216 | D:1      | Gained mutation: You have a pair of small antennae on your
                  | head. [potion of mutation]
   216 | D:1      | Gained mutation: You are dopey. (Int -2) [potion of
                  | mutation]
   219 | D:1      | Reached skill level 3 in Unarmed Combat
   383 | D:1      | Found Qoshryim's Antique Weapon Boutique.
   700 | D:1      | Gained mutation: Your demonic aura sometimes causes spilled
                  | blood to erupt in flames. [demonic ancestry]
   700 | D:1      | Reached XP level 3. HP: 26/26 MP: 3/3
   950 | D:2      | Reached XP level 4. HP: 31/32 MP: 4/4
  1233 | D:2      | Found a hide-covered altar of Uskayaw.
  1233 | D:2      | Noticed Natasha
  1236 | D:2      | Killed Natasha
  1237 | D:2      | Reached skill level 4 in Unarmed Combat
  1431 | D:2      | Found Risysuv's Armour Shoppe.
  1444 | D:2      | Identified the +0 ring mail of Caostroxt {rN++}
  1459 | D:2      | Noticed Natasha
  1469 | D:2      | Killed Natasha
  1470 | D:2      | Gained mutation: Your demonic aura often causes spilled
                  | blood to erupt in flames. [demonic ancestry]
  1470 | D:2      | Reached XP level 5. HP: 37/37 MP: 5/5
  2009 | D:3      | Found a faded altar of an unknown god.
  2049 | D:3      | Found a transporter.
  2052 | D:3      | Found a transporter.
  2053 | D:3      | Noticed ZoaN's ghost (amateur GrEE)
  2355 | D:3      | Noticed Ijyb
  2362 | D:3      | Killed Ijyb
  2449 | D:3      | Reached skill level 1 in Armour
  2557 | D:3      | Gained mutation: Your demonic aura causes all spilled blood
                  | to erupt in flames. [demonic ancestry]
  2557 | D:3      | Reached XP level 6. HP: 25/43 MP: 6/6
  3037 | D:4      | Found a glowing drain.
  3049 | Sewer    | Entered a sewer
  3062 | Sewer    | Reached skill level 5 in Unarmed Combat
  3369 | D:4      | Found a sparkling altar of Nemelex Xobeh.
  3532 | D:4      | Gained mutation: Your touch may inflict irresistible damage
                  | on your foes. [demonic ancestry]
  3532 | D:4      | Reached XP level 7. HP: 48/48 MP: 7/7
  3542 | D:4      | Found a staircase to the Ecumenical Temple.
  3548 | Temple   | Entered the Ecumenical Temple
  3566 | Temple   | Became a worshipper of Yredelemnul the Dark
  3684 | D:4      | Reached * piety under Yredelemnul
  3715 | D:4      | Reached skill level 1 in Stealth
  3800 | D:4      | Found a radiant altar of Vehumet.
  3802 | D:4      | Found an iron altar of Okawaru.
  4100 | D:5      | Entered Level 5 of the Dungeon
  4120 | D:5      | Reached skill level 6 in Unarmed Combat
  4126 | D:5      | Reached skill level 1 in Invocations
  4287 | D:5      | Found a burning altar of Makhleb.
  4344 | D:5      | Identified the +2 leather armour of Analysis {Str+3}
  4531 | D:5      | HP: 2/49 [centaur (1)]
  4847 | D:5      | Gained mutation: You are partially covered in large bone
                  | plates. (SH +4) [demonic ancestry]
  4847 | D:5      | Reached XP level 8. HP: 54/55 MP: 9/9
  4901 | D:5      | Found a snail-covered altar of Cheibriados.
  5121 | D:6      | Found a shimmering blue altar of Sif Muna.
  5327 | D:6      | Found an ornate altar of the Wu Jian Council.
  5367 | D:6      | Reached skill level 7 in Unarmed Combat
  5703 | D:6      | Found Ymiboror's Tremendous Tomes.
  5989 | D:7      | Noticed a troll
  5997 | D:7      | Killed a troll
  6019 | D:7      | Reached XP level 9. HP: 39/61 MP: 12/12
  6160 | D:7      | Reached skill level 8 in Unarmed Combat
  6353 | D:7      | Reached skill level 5 in Shapeshifting
  6429 | D:7      | Reached ** piety under Yredelemnul
  6475 | D:7      | Reached skill level 5 in Invocations
  6673 | D:7      | Reached skill level 9 in Unarmed Combat
  7022 | D:8      | Noticed Joseph
  7030 | D:8      | Killed Joseph
  7100 | D:8      | Noticed Grum
  7111 | D:8      | Noticed a two-headed ogre
  7125 | D:8      | Killed a two-headed ogre
  7126 | D:8      | Reached skill level 1 in Shields
  7126 | D:8      | Reached XP level 10. HP: 48/67 MP: 14/14
  7141 | D:8      | Noticed a seven-headed hydra
  7147 | D:8      | Identified the +7 trident of Dishonour {chaos, Will+ SInv
                  | Stlth+}
  7147 | D:8      | Identified the +2 kite shield of Weirdness {-Tele Int+3
                  | Dex+3 Stlth+}
  7150 | D:8      | Noticed PaiMei's ghost (novice TrMo)
  7161 | D:8      | Killed a seven-headed hydra
  7162 | D:8      | Reached skill level 10 in Unarmed Combat
  7265 | D:8      | Found a transporter.
  7266 | D:8      | Noticed a two-headed ogre
  7268 | D:8      | Found a transporter.
  7269 | D:8      | Identified the amulet "Esu Doawk" {RegenMP +Blink rElec
                  | Will+}
  7277 | D:8      | Killed a two-headed ogre
  7797 | D:8      | Slain by a gnoll sergeant

Illustrated notes

Levels and vault maps discovered:
D:1:      shiori_arrival_oz, layout_loops_ring, serial_shops, shop
D:2:      layout_basic, serial_shops, shop, basic_altar, uniq_natasha
D:3:      layout_basic, chequers_ecumenical_altar_simple_redux,
          gammafunk_ghost_mausoleum, chequers_serial_rivers_small_a,
          dk_noncrumbling_2, corexii_leaking_fountain, uniq_ijyb
D:4:      layout_basic, nicolae_overflow_hidden_temple,
          nemelex_diamond_rough_becter, minmay_temple_entry_hall,
          portal_sewer_entry_b
D:5:      layout_cave_pools, mainiacjoe_overflow_surrounded_room,
          cheibriados_altar_1, bloody_makhleb, kb_lookout_dungeons_type
D:6:      layout_loops_ring, mainiacjoe_overflow_paths, lemuel_crystal_altar,
          nicolae_shop_i_like_big_books
D:7:      nicolae_cairo_tiling_large_dashed, layout_cave_pools,
          eino_tiny_chamber, minmay_strange_pillars, minmay_misc_feat_rows
D:8:      layout_rooms, gammafunk_ghost_gnarly_gnolls, hangedman_decor_push,
          minmay_microvault, uniq_joseph
Temple:   nicolae_temple_ecumenical_triangle

Skill      XL: |  1  2  3  4  5  6  7  8  9 10 |
---------------+-------------------------------+-----
Unarmed Combat | 3 4 5 6 7 9 10 | 10.6
Shapeshifting  | 3 4 5 |  5.7
Dodging        | 2 3 |  3.4
Armour         | 1 2 3 4 |  4.5
Stealth        | 1 2 |  2.5
Invocations    | 2 4 6 |  6.9
Fighting       | 2 |  2.3
Shields        | 1 |  1.3
Throwing       | |  0.2
Spellcasting   | |  0.2

Action                     |  1- 3 |  4- 6 |  7- 9 | 10-12 || total
---------------------------+-------+-------+-------+-------++-------
  Melee: Unarmed           |    80 |   191 |   171 |    32 ||   474
         Punch             |     1 |     2 |    13 |     1 ||    17
         Touch             |     9 |    35 |    33 |     4 ||    81
  Throw: Dart              |       |       |     1 |       ||     1
 Invoke: Recall Undead Har |       |       |     1 |     1 ||     2
    Use: Potion            |     3 |     1 |     2 |     1 ||     7
         Scroll            |     1 |     6 |     9 |     1 ||    17
   Stab: Sleeping          |     1 |     2 |       |       ||     3
 Armour: Animal skin       |    41 |    22 |       |       ||    63
         Ring mail         |       |    81 |    21 |       ||   102
         Leather armour    |       |       |    84 |    26 ||   110
         Skin              |       |       |    12 |       ||    12
  Dodge: Dodged            |    34 |   100 |    97 |    20 ||   251
  Block: Other             |       |       |    15 |     5 ||    20
